AoeStats
← Monke

Arena

508648187Analyzed
4v4 RM · 9d ago on Sep 23, 2026· 23m 30s· 8 players
Game mode
Random Map
Map size
Large (8 player)
Population
200
Speed
Normal
Resources
Standard
Victory
Conquest
Starting age
Dark Age
Ending age
Imperial Age
RankedLock teamsTeams togetherTeam positionsShared explorationLock speedFull tech treeHidden civsTurbo modeCheats
Victory
Defeat
🇹🇼 Varangians · Taiwan
1384
+14
🇹🇼 Danes · Taiwan
1382
+14
🇹🇼 Poles · Taiwan
1358
+15
🇨🇳 Mongols · China
1321
+15
🇮🇩 Danes · Indonesia
1415
-19
🇹🇼 Goths · Taiwan
1303
-13
🇹🇼 Wei · Taiwan
1303
-13
🇨🇳 Mongols · China
1290
-13
轟炸雞肉乾媽媽
5:13 Loom
8:06 Feudal Age
8:44 Double-Bit Axe
12:39 Fletching
21:47 Castle Age
20:14 Horse Collar
22:50 Bodkin Arrow
23:49 Wheelbarrow
royalchen
10:35 Feudal Age
12:10 Double-Bit Axe
14:34 Castle Age
13:20 Horse Collar
15:34 Bow Saw
21:02 Wheelbarrow
22:25 Hand Cart
23:10 Gold Mining
[UZN]Listenphone
10:15 Feudal Age
14:04 Castle Age
12:21 Double-Bit Axe
15:36 Bow Saw
15:12 Horse Collar
16:51 Arson
17:57 Wheelbarrow
20:29 Loom
21:22 Scale Mail Armor
21:12 Gambesons
24:07 Chain Mail Armor
dashuaibi
7:54 Loom
9:39 Feudal Age
12:05 Double-Bit Axe
14:54 Castle Age
14:56 Scale Barding Armor
16:15 Forging
23:14 Bloodlines
聽話 讓我看看
10:49 Feudal Age
11:39 Loom
11:49 Double-Bit Axe
14:49 Fletching
17:31 Horse Collar
Monke
9:42 Feudal Age
13:46 Castle Age
12:08 Double-Bit Axe
12:39 Horse Collar
16:28 Bow Saw
20:14 Wheelbarrow
20:52 Heavy Plow
21:42 Hand Cart
21:52 Town Watch
23:11 Scale Mail Armor
23:16 Loom
23:21 Man-at-Arms
种田使我快乐
7:31 Loom
12:21 Feudal Age
17:50 Castle Age
20:17 Double-Bit Axe
21:28 Horse Collar
心態調整師
3:55 Loom
9:43 Feudal Age
11:25 Loom
14:29 Castle Age
14:40 Double-Bit Axe
16:59 Horse Collar
Connection lost

Rejoining the realm…

Still unreachable

The connection could not be restored.

Session expired

The server has moved on; the page needs a fresh start.